[Event "ICC tourney 2264 (75 10)"]
[Site "Internet Chess Club"]
[Date "2021.01.02"]
[Round "3"]
[White "MissCalculation"]
[Black "Jeffchess"]
[Result "1-0"]
[ICCResult "Black checkmated"]
[WhiteElo "1041"]
[BlackElo "1209"]
[Opening "French defense"]
[ECO "B41"]
[NIC "QO.17"]
[Time "18:02:21"]
[PlyCount "137"]
[TimeControl "4500+10"]

1. d4 e6 2. e4 c5 3. Nf3 Nf6 4. e5 Nd5 5. c4 Nc7 6. Nc3 h6 7. Bd3 cxd4 8.
Nxd4 Nc6 9. Nxc6 dxc6 10. O-O Bb4 11. a3 Bxc3 12. bxc3 O-O 13. Re1 f5 14.
exf6 Qxf6 15. Qd2 c5 16. Qe3 b6 17. Be4 Rb8 18. Qg3 Bb7 19. Bxb7 Rxb7 20.
Bd2 Rf7 21. Re4 Kh7 22. Rf4 Qg6 23. Rxf7 Qxf7 24. Re1 Ne8 25. Qe5 Re7 26.
Qe4+ Qg6 27. Qxg6+ Kxg6 28. h4 Nd6 29. g4 Nxc4 30. h5+ Kf6 31. Bc1 Ne5 32.
Re4 Nc6 33. Rf4+ Kg5 34. Kg2 Ne5 35. Rf7+ Kxg4 36. Rxe7 Nd3 37. Rxg7+ Kxh5
38. Bd2 a5 39. Rh7 Kg6 40. Rxh6+ Kf5 41. c4 Nb2 42. Rh5+ Ke4 43. Rh4+ Kd3
44. Bh6 Nxc4 45. Rh3+ Ke4 46. f3+ Kd5 47. f4 Nd6 48. Rd3+ Kc6 49. Bf8 Nf5
50. Kf3 c4 51. Rc3 Kd5 52. Rc1 Kd4 53. Rd1+ Kc3 54. Ke4 Kc2 55. Rd8 c3 56.
Ke5 Kc1 57. Kxe6 Ne3 58. f5 c2 59. Bh6 Kb2 60. Bxe3 Kxa3 61. f6 b5 62. f7
b4 63. f8=Q Kb2 64. Bd4+ Kb3 65. Qf3+ Ka4 66. Qc6+ Kb3 67. Rc8 c1=N 68.
Qxc1 a4 69. Qb2# { Black checkmated } 1-0

[Event "ICC tourney 2264 (75 10)"]
[Site "Internet Chess Club"]
[Date "2021.01.02"]
[Round "3"]
[White "sujay2010"]
[Black "magicpup"]
[Result "0-1"]
[ICCResult "White resigns"]
[WhiteElo "1345"]
[BlackElo "1523"]
[Opening "Queen's pawn, Mason variation"]
[ECO "D00"]
[NIC "QP.08"]
[Time "18:02:23"]
[PlyCount "100"]
[TimeControl "4500+10"]

1. d4 d5 2. Bf4 Nf6 3. e3 e6 4. Bd3 Be7 5. Nd2 O-O 6. h3 Nbd7 7. Ngf3 b6 8.
O-O Bb7 9. Re1 c5 10. c3 Rc8 11. e4 dxe4 12. Nxe4 Nxe4 13. Bxe4 Bxe4 14.
Rxe4 Nf6 15. Re1 cxd4 16. Nxd4 h6 17. Nf3 Qxd1 18. Raxd1 Rfd8 19. Kf1 Rxd1
20. Rxd1 Nd5 21. Bg3 Nf6 22. Ne5 Rc5 23. Nd7 Rd5 24. Rxd5 Nxd5 25. Bb8 a6
26. Ba7 b5 27. Bc5 Bxc5 28. Nxc5 Nc7 29. Ke2 Kf8 30. Kd3 Ke7 31. a3 Kd6 32.
Nb7+ Kd5 33. Na5 f6 34. c4+ bxc4+ 35. Nxc4 Nb5 36. Ne3+ Ke5 37. Nc2 Kd6 38.
Nd4 Nxd4 39. Kxd4 Kc6 40. b4 Kb5 41. Kc3 Ka4 42. f4 Kxa3 43. Kc4 Ka4 44.
Kc5 e5 45. fxe5 fxe5 46. Kd5 Kxb4 47. Kxe5 a5 48. Kd4 a4 49. Kd3 Kb3 50.
Kd2 Kb2 { White resigns } 0-1

[Event "ICC tourney 2264 (75 10)"]
[Site "Internet Chess Club"]
[Date "2021.01.02"]
[Round "3"]
[White "Dhruti813kob36"]
[Black "MikeWMason"]
[Result "1-0"]
[ICCResult "Black resigns"]
[WhiteElo "1487"]
[BlackElo "1699"]
[Opening "Sicilian: accelerated fianchetto, modern variation"]
[ECO "B34"]
[NIC "SI.33"]
[Time "18:02:42"]
[PlyCount "89"]
[TimeControl "4500+10"]

1. e4 c5 2. Nf3 Nc6 3. d4 cxd4 4. Nxd4 g6 5. Nc3 Bg7 6. Nb3 Nf6 7. Be3 O-O
8. f3 d6 9. Qd2 Bd7 10. O-O-O Rc8 11. Kb1 Ne5 12. Bh6 a5 13. Bxg7 Kxg7 14.
f4 Nc4 15. Bxc4 Rxc4 16. e5 Ne4 17. Nxe4 Rxe4 18. exd6 Bg4 19. dxe7 Qxe7
20. Rde1 Re8 21. Rxe4 Qxe4 22. Nxa5 Bf5 23. Nb3 Rc8 24. Nd4 Rc4 25. Nxf5+
gxf5 26. Re1 Qxf4 27. Qd3 Rd4 28. Qc3 Kg6 29. a3 Rd2 30. Re7 Qf1+ 31. Ka2
Qxg2 32. Rxb7 Qd5+ 33. Rb3 f4 34. Qb4 Rxh2 35. Qxf4 Rxc2 36. Qg4+ Kf6 37.
Qf3+ Ke6 38. Qe3+ Kf6 39. Qh6+ Ke7 40. Qxh7 Rf2 41. Qh4+ Rf6 42. a4 Ke6 43.
Ka3 Qc5+ 44. Qb4 Kd6 45. Rd3+ { Black resigns } 1-0

[Event "ICC tourney 2264 (75 10)"]
[Site "Internet Chess Club"]
[Date "2021.01.02"]
[Round "3"]
[White "nsuralik"]
[Black "Davide25"]
[Result "0-1"]
[ICCResult "White checkmated"]
[WhiteElo "1079"]
[BlackElo "1539"]
[Opening "Caro-Kann: exchange variation"]
[ECO "B13"]
[NIC "CK.02"]
[Time "18:02:54"]
[PlyCount "120"]
[TimeControl "4500+10"]

1. e4 c6 2. d4 d5 3. exd5 cxd5 4. Nf3 Nf6 5. Nc3 a6 6. Be2 Nc6 7. Be3 Bf5
8. Bd3 Bxd3 9. Qxd3 e6 10. O-O Bd6 11. a3 O-O 12. Rad1 Rc8 13. Rfe1 h6 14.
Bc1 Qc7 15. Re2 b5 16. Na2 Qb6 17. b4 a5 18. c3 axb4 19. cxb4 Rc7 20. Bb2
Be7 21. Nc1 Ne4 22. Nb3 Nd6 23. Nc5 Nc4 24. Bc1 Ra8 25. Qb3 Rca7 26. Ra2
Bxc5 27. dxc5 Qa6 28. Rd3 Qa4 29. Qxa4 Rxa4 30. Rb3 Nxb4 31. Rab2 Nxb2 32.
Bxb2 Nc2 33. Rxb5 Nxa3 34. Bxa3 Rxa3 35. h3 Rc3 36. Nd4 Rc8 37. c6 Rc4 38.
Ne2 R8xc6 39. g4 d4 40. h4 d3 41. Ng3 d2 42. Rb1 Rc1+ 43. Rxc1 dxc1=Q+ 44.
Kg2 Rc2 45. h5 Qd2 46. Ne4 Qd5 47. Kf3 Rxf2+ 48. Kxf2 Qxe4 49. Kg3 Qe3+ 50.
Kg2 e5 51. g5 Qxg5+ 52. Kf3 Qxh5+ 53. Ke4 Qg4+ 54. Kxe5 Kf8 55. Kd6 Qf5 56.
Kc6 Ke7 57. Kb6 Kd7 58. Kb7 Qb5+ 59. Ka7 Kc7 60. Ka8 Qa6# { White
checkmated } 0-1

[Event "ICC tourney 2264 (75 10)"]
[Site "Internet Chess Club"]
[Date "2021.01.02"]
[Round "3"]
[White "ChessHawk8"]
[Black "StevChess01"]
[Result "0-1"]
[ICCResult "White resigns"]
[WhiteElo "1536"]
[BlackElo "1632"]
[Opening "Sicilian: Smith-Morra gambit"]
[ECO "B21"]
[NIC "SI.48"]
[Time "18:02:26"]
[PlyCount "114"]
[TimeControl "4500+10"]

1. e4 c5 2. d4 cxd4 3. c3 dxc3 4. Nxc3 Nc6 5. Nf3 e6 6. Bc4 Nge7 7. O-O Ng6
8. Nb5 d6 9. Bg5 Qd7 10. Qe2 a6 11. Nc3 b5 12. Bb3 Bb7 13. Rfd1 h6 14. Be3
Qc7 15. Rac1 Qa5 16. a3 Rc8 17. Na2 Be7 18. Bd2 Qd8 19. Nb4 Nxb4 20. Bxb4
Rxc1 21. Rxc1 O-O 22. Qe1 Qa8 23. Bc2 Rc8 24. Nd2 d5 25. Bxe7 Nxe7 26. f3
Qa7+ 27. Kh1 Qd4 28. Bb3 Qxb2 29. Rxc8+ Bxc8 30. exd5 Nxd5 31. a4 Nf6 32.
axb5 axb5 33. h3 Bb7 34. Qe2 Bd5 35. Bxd5 Nxd5 36. Qd3 Qc3 37. Qe2 Qe3 38.
Qd1 Nc3 39. Qc2 Ne2 40. Qd1 Ng3+ 41. Kh2 Qe2 42. Qc1 Nf5 43. Ne4 Qc4 44.
Qf4 Qc8 45. Kh1 Qf8 46. g4 Ne7 47. Nd6 Nd5 48. Qh2 b4 49. Ne4 Qc8 50. Qb2
Qc4 51. Kg1 Nc3 52. Nxc3 bxc3 53. Qb8+ Kh7 54. Qb1+ c2 55. Qc1 Qd3 56. Kf2
Qd1 57. Qxd1 cxd1=Q { White resigns } 0-1

[Event "ICC tourney 2264 (75 10)"]
[Site "Internet Chess Club"]
[Date "2021.01.02"]
[Round "3"]
[White "ChemStud24"]
[Black "lwaharte"]
[Result "0-1"]
[ICCResult "White checkmated"]
[WhiteElo "1434"]
[BlackElo "1473"]
[Opening "Two knights defense"]
[ECO "C59"]
[NIC "KP.01"]
[Time "18:02:18"]
[PlyCount "170"]
[TimeControl "4500+10"]

1. e4 e5 2. Nf3 Nc6 3. Bc4 Nf6 4. Ng5 d5 5. exd5 Na5 6. Bb5+ c6 7. dxc6
bxc6 8. Be2 h6 9. Nf3 e4 10. Ne5 Bd6 11. d4 O-O 12. O-O c5 13. b4 cxd4 14.
Qxd4 Bxe5 15. Qxe5 Nc6 16. Qc3 Bb7 17. Rd1 Qb6 18. Bxh6 Nxb4 19. Be3 Nbd5
20. Bxb6 Nxc3 21. Nxc3 axb6 22. Rab1 Rfc8 23. Rb3 Ba6 24. Bxa6 Rxa6 25. a4
Ra5 26. Re1 Re5 27. Re2 Kf8 28. Nd1 Rd5 29. Ne3 Rd6 30. h3 g6 31. c4 Nd7
32. Rb5 Nc5 33. Nd5 Nxa4 34. Rxe4 Rxd5 35. Rxd5 Nc3 36. Red4 Nxd5 37. cxd5
Ke7 38. Kf1 Kd6 39. Ke2 Kc5 40. Rd1 Re8+ 41. Kf3 Re5 42. d6 Re8 43. d7 Rd8
44. Ke4 Kc6 45. Ke5 Rxd7 46. Rc1+ Kb7 47. Rc2 b5 48. Rb2 Kb6 49. f4 Kc5 50.
Rc2+ Kb4 51. h4 Kb3 52. Rc6 b4 53. g4 Ka2 54. h5 gxh5 55. gxh5 b3 56. h6 b2
57. Rc2 Kb3 58. Rxb2+ Kxb2 59. Kf6 Rd6+ 60. Kg7 Rg6+ 61. Kh7 Rg1 62. f5 Kc3
63. Kh8 Kd4 64. h7 Rh1 65. f6 Ke5 66. Kg8 Rxh7 67. Kxh7 Kxf6 68. Kh6 Kf5
69. Kh5 Kf4 70. Kh4 f5 71. Kh3 Kf3 72. Kh2 Kf2 73. Kh3 f4 74. Kg4 f3 75.
Kf4 Ke2 76. Kg3 f2 77. Kg2 f1=Q+ 78. Kh2 Qf8 79. Kg3 Qf3+ 80. Kh4 Qg2 81.
Kh5 Kf3 82. Kh6 Kf4 83. Kh7 Kf5 84. Kh8 Kf6 85. Kh7 Qg7# { White checkmated
} 0-1

[Event "ICC tourney 2264 (75 10)"]
[Site "Internet Chess Club"]
[Date "2021.01.03"]
[Round "4"]
[White "KingRayfish"]
[Black "nextelitekid"]
[Result "1-0"]
[ICCResult "Black resigns"]
[WhiteElo "1469"]
[BlackElo "1561"]
[Opening "Giuoco Pianissimo"]
[ECO "C50"]
[NIC "IG.02"]
[Time "11:01:25"]
[PlyCount "101"]
[TimeControl "4500+10"]

1. e4 e5 2. Nf3 Nc6 3. Bc4 Bc5 4. d3 h6 5. Nc3 Nf6 6. O-O d6 7. h3 Be6 8.
Bb3 Qd7 9. Ne2 Nh5 10. Bxe6 Qxe6 11. c3 Bb6 12. Re1 O-O 13. d4 exd4 14.
Nexd4 Nxd4 15. Nxd4 Bxd4 16. cxd4 Nf6 17. f3 Rfe8 18. Be3 Qd7 19. Qb3 c6
20. Rac1 Nh7 21. d5 c5 22. Bf4 Nf8 23. Bg3 Ng6 24. Rc2 Re7 25. Rce2 Rae8
26. Qc3 f6 27. Rc1 f5 28. Rce1 fxe4 29. Rxe4 Rxe4 30. Rxe4 Rxe4 31. fxe4
Qe7 32. Qd3 Ne5 33. Qe3 Qf6 34. b3 c4 35. bxc4 Nxc4 36. Qxa7 Qg5 37. Qxb7
Ne3 38. Qb8+ Kh7 39. Qxd6 Qh5 40. Be1 Nc4 41. Qf4 Qd1 42. Qf2 Qd3 43. Qf3
Qd4+ 44. Kh2 Qe5+ 45. Bg3 Qe8 46. Qf5+ Kh8 47. e5 Ne3 48. Qf3 Nc4 49. e6
Qd8 50. Qb3 Nd2 51. Qb8 { Black resigns } 1-0

[Event "ICC tourney 2264 (75 10)"]
[Site "Internet Chess Club"]
[Date "2021.01.03"]
[Round "4"]
[White "Il123"]
[Black "handsomematch"]
[Result "1-0"]
[ICCResult "Black checkmated"]
[WhiteElo "1461"]
[BlackElo "1303"]
[Opening "Ruy Lopez: 5.O-O"]
[ECO "C78"]
[NIC "RL.12"]
[Time "11:02:37"]
[PlyCount "51"]
[TimeControl "4500+10"]

1. e4 e5 2. Nf3 Nc6 3. Bb5 a6 4. Ba4 Nf6 5. O-O b5 6. Bb3 Bc5 7. Re1 d6 8.
h3 O-O 9. c3 Bb7 10. d4 Bb6 11. Bc2 Qd7 12. Qd3 h6 13. Nbd2 Ne7 14. dxe5
dxe5 15. Nxe5 Qe6 16. Nef3 Rad8 17. Qe2 Ng6 18. Bb3 Qe7 19. Bc2 Rfe8 20. e5
Nf4 21. Qf1 Nd7 22. Nb3 Nxh3+ 23. gxh3 Bxf3 24. Qd3 Nxe5 25. Qh7+ Kf8 26.
Qh8# { Black checkmated } 1-0

[Event "ICC tourney 2264 (75 10)"]
[Site "Internet Chess Club"]
[Date "2021.01.03"]
[Round "4"]
[White "Jeffchess"]
[Black "jjplaman"]
[Result "0-1"]
[ICCResult "White checkmated"]
[WhiteElo "1209"]
[BlackElo "1325"]
[Opening "Caro-Kann: advance variation"]
[ECO "B12"]
[NIC "CK.04"]
[Time "11:01:02"]
[PlyCount "120"]
[TimeControl "4500+10"]

1. e4 c6 2. d4 d5 3. e5 Bf5 4. Nc3 e6 5. Bd3 Bxd3 6. Qxd3 Nd7 7. Nf3 c5 8.
dxc5 Bxc5 9. Be3 Bxe3 10. fxe3 Ne7 11. O-O O-O 12. Nb5 Qb6 13. Nd6 Nxe5 14.
Nxe5 Qxd6 15. Nf3 Qb6 16. Nd4 Nc6 17. Nxc6 Qxc6 18. b3 Rac8 19. Rac1 Qc3
20. Qe2 a6 21. h3 Qb2 22. a4 Rc6 23. Qf2 Rc7 24. Qd2 Rfc8 25. Rf2 Rc3 26.
Kh2 Rxb3 27. cxb3 Qxc1 28. Qb4 Qc6 29. Qe7 Qc7+ 30. Qxc7 Rxc7 31. Kg3 g6
32. Kf4 Kg7 33. Ke5 Rc3 34. Kd4 Rxb3 35. Ra2 b6 36. a5 Rb4+ 37. Kc3 Rc4+
38. Kd3 b5 39. g4 g5 40. Ra3 Kf6 41. Ra1 Ra4 42. Rf1+ Kg6 43. Kc3 Rxa5 44.
Kb4 Ra4+ 45. Kc5 b4 46. Kd6 b3 47. Ke7 b2 48. Rf6+ Kg7 49. Rxf7+ Kg8 50.
Rf1 Rb4 51. Rb1 a5 52. Kxe6 a4 53. Kxd5 a3 54. Ke6 a2 55. Rd1 Rb6+ 56. Kf5
b1=Q+ 57. Kxg5 Qxd1 58. e4 a1=Q 59. e5 Qxe5+ 60. Kh4 Qde1# { White
checkmated } 0-1

[Event "ICC tourney 2264 (75 10)"]
[Site "Internet Chess Club"]
[Date "2021.01.03"]
[Round "4"]
[White "Hamlett144"]
[Black "MasterIVGM20"]
[Result "0-1"]
[ICCResult "White resigns"]
[WhiteElo "1452"]
[BlackElo "1184"]
[Opening "Evans gambit"]
[ECO "C52"]
[NIC "IG.05"]
[Time "11:00:52"]
[PlyCount "112"]
[TimeControl "4500+10"]

1. e4 e5 2. Nf3 Nc6 3. Bc4 Bc5 4. b4 Bxb4 5. c3 Ba5 6. Qb3 Qe7 7. O-O Nf6
8. d3 Bb6 9. Ba3 d6 10. Bb5 Bd7 11. Nbd2 O-O 12. Bxc6 Bxc6 13. Nc4 Qd7 14.
Ncxe5 dxe5 15. Nxe5 Qe6 16. Qxe6 fxe6 17. Bxf8 Kxf8 18. Nxc6 bxc6 19. e5
Nd5 20. Rac1 Nf4 21. Rc2 Nxd3 22. Kh1 Nxe5 23. f4 Ng4 24. Rd2 Ke7 25. h3
Nf6 26. Re1 Kf7 27. g4 Nd5 28. c4 Ba5 29. cxd5 exd5 30. Rde2 Bxe1 31. Rxe1
Re8 32. Rc1 Re6 33. Kg2 Rd6 34. Kf3 Kf6 35. h4 h6 36. Rb1 c5 37. Rb7 d4 38.
Rxc7 d3 39. g5+ hxg5 40. hxg5+ Kg6 41. f5+ Kxf5 42. Rxc5+ Kg6 43. Rc1 d2
44. Rd1 Kxg5 45. Ke2 Kf4 46. Rf1+ Ke4 47. Kd1 Rf6 48. Rg1 Ke3 49. Rg3+ Rf3
50. Rg1 g5 51. a4 g4 52. a5 g3 53. Kc2 Ke2 54. Rd1 Ke3 55. a6 g2 56. Kb1
Rf1 { White resigns } 0-1

[Event "ICC tourney 2264 (75 10)"]
[Site "Internet Chess Club"]
[Date "2021.01.03"]
[Round "4"]
[White "Beast908"]
[Black "Anushkaa"]
[Result "0-1"]
[ICCResult "White resigns"]
[WhiteElo "1367"]
[BlackElo "1281"]
[Opening "Giuoco Piano"]
[ECO "C54"]
[NIC "IG.02"]
[Time "11:00:53"]
[PlyCount "52"]
[TimeControl "4500+10"]

1. e4 e5 2. Nf3 Nc6 3. Bc4 Bc5 4. c3 Nf6 5. d4 exd4 6. cxd4 Bb4+ 7. Bd2
Nxe4 8. Bxb4 Nxb4 9. Bxf7+ Kxf7 10. Qb3+ d5 11. Ne5+ Ke8 12. Qxb4 Qd6 13.
Qa4+ Bd7 14. Nxd7 Qxd7 15. Qb3 c6 16. Qe3 Qe7 17. O-O Kd7 18. Re1 Rae8 19.
Qh3+ Qe6 20. Qb3 Rb8 21. Qc2 Qf6 22. f3 Qxd4+ 23. Kh1 Nf2+ 24. Kg1 Nd3+ 25.
Kf1 Nxe1 26. Kxe1 Qg1+ { White resigns } 0-1

[Event "ICC tourney 2264 (75 10)"]
[Site "Internet Chess Club"]
[Date "2021.01.03"]
[Round "4"]
[White "yogokings12"]
[Black "Dhruti813kob36"]
[Result "1-0"]
[ICCResult "Black checkmated"]
[WhiteElo "1573"]
[BlackElo "1487"]
[Opening "KGA: bishop's gambit"]
[ECO "C33"]
[NIC "KG.03"]
[Time "11:00:53"]
[PlyCount "119"]
[TimeControl "4500+10"]

1. e4 e5 2. f4 exf4 3. Bc4 g5 4. h4 Bg7 5. Qh5 Qe7 6. Qxg5 Qxe4+ 7. Ne2 Bf6
8. Qxf4 Qxf4 9. Nxf4 Nc6 10. Nd5 Be5 11. O-O Nge7 12. Nxe7 Nxe7 13. Bxf7+
Kd8 14. c3 d5 15. d4 Bd6 16. Bg5 Bg4 17. Nd2 Kd7 18. Bxe7 Bxe7 19. Bxd5 c6
20. Bf3 Be6 21. g3 Rhg8 22. Kh2 Bd6 23. Ne4 Be7 24. Nc5+ Bxc5 25. dxc5 Rg7
26. Rad1+ Kc7 27. Rfe1 Bxa2 28. Rd6 Rf8 29. Re3 Rgf7 30. Kg2 Bb1 31. Rd1
Bc2 32. Rd2 Bg6 33. Rde2 Kd8 34. Rd2+ Kc7 35. Rde2 Kd8 36. g4 Rf6 37. g5
Rf4 38. Kg3 R4f5 39. Rd2+ Kc7 40. b4 a5 41. Re7+ Kb8 42. Be4 R5f7 43. Rxf7
Rxf7 44. Bxg6 hxg6 45. bxa5 Rf5 46. Rd6 Rxc5 47. Rxg6 Rxc3+ 48. Kg4 c5 49.
Rg8+ Kc7 50. g6 c4 51. g7 Rd3 52. Rc8+ Kxc8 53. g8=Q+ Kc7 54. Qxc4+ Kd7 55.
Qxd3+ Kc6 56. Qc4+ Kd6 57. Kf5 Ke7 58. Qc7+ Kf8 59. Kf6 Kg8 60. Qg7# {
Black checkmated } 1-0

[Event "ICC tourney 2264 (75 10)"]
[Site "Internet Chess Club"]
[Date "2021.01.03"]
[Round "4"]
[White "aakashjr"]
[Black "sujay2010"]
[Result "1-0"]
[ICCResult "Black checkmated"]
[WhiteElo "1642"]
[BlackElo "1345"]
[Opening "Sicilian defense"]
[ECO "B44"]
[NIC "SI.39"]
[Time "11:01:03"]
[PlyCount "91"]
[TimeControl "4500+10"]

1. e4 c5 2. Nf3 e6 3. d4 cxd4 4. Nxd4 Nc6 5. a3 Qc7 6. Be3 a6 7. Nc3 Nf6 8.
Be2 Be7 9. O-O O-O 10. Kh1 b5 11. f4 d6 12. f5 Nxd4 13. Bxd4 exf5 14. exf5
Bb7 15. Bf3 Rfd8 16. Bxb7 Qxb7 17. Bxf6 Bxf6 18. Nd5 Bxb2 19. Rb1 Bxa3 20.
f6 Re8 21. Qg4 g6 22. Qg5 Kh8 23. Qh6 Rg8 24. Ne7 d5 25. Rf4 g5 26. Rf3 Rg6
27. Nxg6+ fxg6 28. Rxa3 Qf7 29. Qg7+ Qxg7 30. fxg7+ Kxg7 31. Rxb5 Rf8 32.
Rb7+ Kh8 33. Rf3 Rc8 34. h3 Kg8 35. Rd3 Rxc2 36. Rxd5 Rc8 37. Ra7 Rf8 38.
Rxa6 Kg7 39. Rxg5 Kh6 40. Rb5 Kg7 41. Rb7+ Kh6 42. Raa7 Rh8 43. Kh2 g5 44.
Rb6+ Kh5 45. g4+ Kh4 46. Rh6# { Black checkmated } 1-0

[Event "ICC tourney 2264 (75 10)"]
[Site "Internet Chess Club"]
[Date "2021.01.03"]
[Round "4"]
[White "MikeWMason"]
[Black "CheddarCheng1"]
[Result "1-0"]
[ICCResult "Black resigns"]
[WhiteElo "1699"]
[BlackElo "1424"]
[Opening "Giuoco Piano"]
[ECO "C50"]
[NIC "IG.02"]
[Time "11:01:29"]
[PlyCount "75"]
[TimeControl "4500+10"]

1. e4 e5 2. Nf3 Nc6 3. Bc4 Bc5 4. d4 Bxd4 5. Nxd4 Nxd4 6. Be3 Nc6 7. Qg4
Qf6 8. Qg3 h6 9. Nc3 Nge7 10. O-O d6 11. f4 Qg6 12. Qf2 O-O 13. f5 Qf6 14.
g4 Na5 15. Bd3 d5 16. exd5 Qd6 17. Bc5 Qd8 18. b4 b6 19. Bxe7 Qxe7 20. bxa5
Qb4 21. Ne4 Bb7 22. c4 c6 23. Qd2 bxa5 24. Rab1 Qxd2 25. Nxd2 Ba6 26. Be4
c5 27. a4 Rab8 28. Rxb8 Rxb8 29. Rb1 Rd8 30. Bd3 g6 31. fxg6 fxg6 32. Bxg6
Rf8 33. Bf5 h5 34. h3 hxg4 35. hxg4 Kg7 36. Kg2 Kh6 37. Kg3 Kg5 38. Rh1 {
Black resigns } 1-0

[Event "ICC tourney 2264 (75 10)"]
[Site "Internet Chess Club"]
[Date "2021.01.03"]
[Round "4"]
[White "StevChess01"]
[Black "solveur"]
[Result "1-0"]
[ICCResult "Black resigns"]
[WhiteElo "1632"]
[BlackElo "1435"]
[Opening "QGD Slav: Wiesbaden variation"]
[ECO "D17"]
[NIC "SL.04"]
[Time "11:00:55"]
[PlyCount "121"]
[TimeControl "4500+10"]

1. d4 d5 2. c4 c6 3. Nf3 Nf6 4. Nc3 dxc4 5. a4 Bf5 6. Ne5 e6 7. Nxc4 Bb4 8.
f3 O-O 9. e4 Bg6 10. Be3 h6 11. Be2 Nbd7 12. O-O c5 13. dxc5 Bxc5 14. Bxc5
Nxc5 15. Qxd8 Rfxd8 16. Rfd1 Nb3 17. Rxd8+ Rxd8 18. Rd1 Rxd1+ 19. Bxd1 Nc5
20. Nb5 a6 21. Nbd6 Nfd7 22. b4 Nd3 23. Nxb7 Nxb4 24. Kf2 f5 25. Ke3 e5 26.
Bb3 f4+ 27. Kd2 Bf7 28. Kc3 Nc6 29. Nca5 Bxb3 30. Nxb3 Kf7 31. N7a5 Nxa5
32. Nxa5 Nc5 33. Nc4 Ke6 34. a5 g5 35. Nb6 h5 36. h3 g4 37. hxg4 hxg4 38.
Nc4 gxf3 39. gxf3 Nd7 40. Kb4 Ke7 41. Nb6 Nb8 42. Kc5 Kd8 43. Kd5 Kc7 44.
Kxe5 Nc6+ 45. Kxf4 Nxa5 46. Nd5+ Kc6 47. Nb4+ Kb5 48. Nxa6 Kxa6 49. Ke5 Kb7
50. Kd5 Nc6 51. Kd6 Nd4 52. f4 Kc8 53. f5 Kd8 54. f6 Ke8 55. Kd5 Kf7 56.
Kxd4 Kxf6 57. Kd5 Ke7 58. Ke5 Kd8 59. Kd6 Ke8 60. Ke6 Kd8 61. Kf7 { Black
resigns } 1-0

[Event "ICC tourney 2264 (75 10)"]
[Site "Internet Chess Club"]
[Date "2021.01.03"]
[Round "4"]
[White "pusheen2019"]
[Black "tundrarules"]
[Result "0-1"]
[ICCResult "White resigns"]
[WhiteElo "1499"]
[BlackElo "1325"]
[Opening "Two knights defense"]
[ECO "C56"]
[NIC "KP.02"]
[Time "11:00:56"]
[PlyCount "112"]
[TimeControl "4500+10"]

1. e4 e5 2. Nf3 Nc6 3. Bc4 Nf6 4. d4 exd4 5. O-O Nxe4 6. Re1 d5 7. Bb5 Bd7
8. Bxc6 Bxc6 9. Nxd4 Be7 10. f3 Nd6 11. Bg5 f6 12. Ne6 Qd7 13. Nxg7+ Kf7
14. Bh6 Bf8 15. Ne6 Bxh6 16. f4 Rhg8 17. Qh5+ Rg6 18. f5 Nxf5 19. Qxf5 d4
20. Na3 Be3+ 21. Kf1 Qxe6 22. Qxe6+ Kxe6 23. g3 Kd7 24. Rad1 Re8 25. c3 Rg4
26. Nc2 Kc8 27. cxd4 Bb5+ 28. Kg2 Bg5 29. Rxe8+ Bxe8 30. Re1 Bc6+ 31. Kf1
Re4 32. Rd1 Bb5+ 33. Kg1 Re2 34. Na3 Rxb2 35. Nxb5 Rxb5 36. Kf1 Rb2 37. a3
Ra2 38. h4 Bh6 39. Rd3 Bc1 40. Rf3 Rxa3 41. Rxf6 Rxg3 42. Rf8+ Kd7 43. Rf7+
Kc6 44. Rxh7 Rd3 45. h5 Rxd4 46. h6 Rh4 47. Rg7 Rxh6 48. Rg2 Rf6+ 49. Ke1
Re6+ 50. Kd1 Be3 51. Rc2+ Bc5 52. Kc1 a5 53. Kb1 b5 54. Ka2 a4 55. Kb2 b4
56. Rc4 a3+ { White resigns } 0-1

[Event "ICC tourney 2264 (75 10)"]
[Site "Internet Chess Club"]
[Date "2021.01.03"]
[Round "4"]
[White "lwaharte"]
[Black "NickManley1987"]
[Result "1-0"]
[ICCResult "Black checkmated"]
[WhiteElo "1473"]
[BlackElo "1543"]
[Opening "KGD: classical variation"]
[ECO "C30"]
[NIC "KG.05"]
[Time "11:02:20"]
[PlyCount "79"]
[TimeControl "4500+10"]

1. e4 e5 2. f4 Bc5 3. Nf3 d6 4. Nc3 Nf6 5. h3 O-O 6. Bc4 Nc6 7. d3 Qe7 8.
f5 Nd4 9. Bg5 c6 10. Qd2 b5 11. Bb3 a5 12. a3 b4 13. axb4 Bxb4 14. O-O Ba6
15. Kh1 Rfb8 16. Qd1 Nxb3 17. cxb3 Qa7 18. Bxf6 gxf6 19. Ne1 Qd4 20. Rc1
Kh8 21. Rf3 Rg8 22. Nc2 Qa7 23. Nxb4 axb4 24. Ne2 c5 25. Ng3 Qe7 26. Qd2
Rg5 27. Nf1 Rag8 28. Ne3 Bb7 29. g4 Ra8 30. h4 Rg7 31. Rg1 Qc7 32. Rfg3
Rag8 33. Qf2 Qa5 34. g5 fxg5 35. hxg5 Qa2 36. f6 Rg6 37. Qh2 Qxb3 38. Qxh7+
Kxh7 39. Rh3+ Rh6 40. Rxh6# { Black checkmated } 1-0

[Event "ICC tourney 2264 (75 10)"]
[Site "Internet Chess Club"]
[Date "2021.01.03"]
[Round "4"]
[White "akshajp"]
[Black "trucker"]
[Result "0-1"]
[ICCResult "White resigns"]
[WhiteElo "1389"]
[BlackElo "1642"]
[Opening "Queen's pawn game"]
[ECO "A45"]
[NIC "QP.07"]
[Time "11:00:58"]
[PlyCount "94"]
[TimeControl "4500+10"]

1. d4 Nf6 2. Nc3 c5 3. e3 g6 4. Nf3 Bg7 5. Be2 O-O 6. O-O d6 7. dxc5 dxc5
8. e4 Nc6 9. Be3 b6 10. Qxd8 Rxd8 11. Rfd1 Bb7 12. h3 Nb4 13. Bd3 Rac8 14.
a3 Nxd3 15. cxd3 Ba6 16. d4 cxd4 17. Bxd4 Bb7 18. Re1 Nh5 19. Bxg7 Kxg7 20.
Rad1 Nf4 21. Nd5 Nxd5 22. exd5 Kf8 23. Re2 Rxd5 24. Rde1 Rc7 25. Re4 f6 26.
Nd4 Rcd7 27. Ne6+ Ke8 28. R4e2 Ba6 29. Rc2 Rd1 30. Rxd1 Rxd1+ 31. Kh2 Kf7
32. Nf4 Rd7 33. Ne2 e5 34. Nc3 Ke6 35. Kg3 f5 36. f3 g5 37. Kf2 h5 38. g3
Rd3 39. Kg2 Bb7 40. Rf2 g4 41. hxg4 hxg4 42. Kf1 Ba8 43. fxg4 fxg4 44. Ke2
Rxg3 45. Rf8 Bf3+ 46. Kf2 Rg2+ 47. Kf1 Rxb2 { White resigns } 0-1

[Event "ICC tourney 2264 (75 10)"]
[Site "Internet Chess Club"]
[Date "2021.01.03"]
[Round "4"]
[White "Davide25"]
[Black "GPWKnight"]
[Result "1-0"]
[ICCResult "Black resigns"]
[WhiteElo "1539"]
[BlackElo "1471"]
[Opening "Kevitz-Trajkovich defense"]
[ECO "A50"]
[NIC "QP.07"]
[Time "11:01:15"]
[PlyCount "51"]
[TimeControl "4500+10"]

1. d4 Nf6 2. c4 Nc6 3. Nc3 e5 4. dxe5 Nxe5 5. e3 d6 6. b3 Be7 7. Nf3 Ng6 8.
Be2 O-O 9. O-O Re8 10. Bb2 Bf8 11. Qd2 Nd7 12. Rfd1 Nde5 13. h3 Nxf3+ 14.
Bxf3 Ne5 15. Be2 Bd7 16. a4 Bc6 17. a5 a6 18. Nd5 Rc8 19. b4 Bd7 20. f4 Ng6
21. Nc3 Qh4 22. Bf3 Bc6 23. Rf1 Qe7 24. e4 Rcd8 25. g3 Bd7 26. Nd5 { Black
resigns } 1-0

[Event "ICC tourney 2264 (75 10)"]
[Site "Internet Chess Club"]
[Date "2021.01.03"]
[Round "4"]
[White "Fredzhang"]
[Black "AndreiKo007"]
[Result "1/2-1/2"]
[ICCResult "Game drawn by repetition"]
[WhiteElo "1403"]
[BlackElo "1695"]
[Opening "Giuoco Piano"]
[ECO "C54"]
[NIC "IG.02"]
[Time "11:00:50"]
[PlyCount "94"]
[TimeControl "4500+10"]

1. e4 e5 2. Nf3 Nc6 3. Bc4 Bc5 4. c3 Nf6 5. d4 exd4 6. b4 Bb6 7. e5 d5 8.
exf6 dxc4 9. b5 Na5 10. Qe2+ Be6 11. fxg7 Rg8 12. cxd4 Qd7 13. d5 Qxd5 14.
O-O O-O-O 15. Bb2 Bg4 16. Nbd2 Rge8 17. Qd1 Qf5 18. Re1 Bxf3 19. Rxe8 Rxe8
20. gxf3 f6 21. Ne4 Qg6+ 22. Kf1 Qxg7 23. Nxf6 Rd8 24. Qe2 Bd4 25. Bxd4
Rxd4 26. Qe8+ Rd8 27. Qe6+ Kb8 28. f4 b6 29. Rc1 Rd6 30. Qe8+ Kb7 31. Qe4+
Kb8 32. Ne8 Qd4 33. Nxd6 Qxd6 34. Rc3 Nb3 35. Qc6 Qd1+ 36. Kg2 Nd2 37. Kh3
Qh5+ 38. Kg2 Qe2 39. Qd5 Qf1+ 40. Kg3 Qg1+ 41. Kh4 Qxh2+ 42. Rh3 Qxf2+ 43.
Kg5 Qg1+ 44. Kh4 Qf2+ 45. Kg5 Qg1+ 46. Kh4 Qf2+ 47. Kg5 Qg1+ { Game drawn
by repetition } 1/2-1/2